 Dungeon Crawl Stone Soup version 0.28-a0-461-g2dc4ca5097 (webtiles) character file.

Game seed: 10505550167572888035

8583 heikuro the Geomancer (level 11, -4/68 HPs)
             Began as a Formicid Earth Elementalist on Sept 14, 2021.
             Was a Priest of Vehumet.
             Slain by a white ugly thing (9 damage)
             ... on level 10 of the Dungeon.
             The game lasted 00:42:26 (15963 turns).

heikuro the Geomancer (FoEE)                       Turns: 15963, Time: 00:42:26

Health: -4/68      AC: 12    Str: 17    XL:     11   Next: 58%
Magic:  4/21       EV: 11    Int: 18    God:    Vehumet [***...]
Gold:   781        SH: 10    Dex: 15    Spells: 10/24 levels left

rFire   . . .      SeeInvis +   m - staff of earth
rCold   . . .      Faith    .   q - +0 kite shield
rNeg    . . .      Spirit   .   x - +2 robe {Archmagi}
rPois   .          Reflect  .   (helmet unavailable)
rElec   .          Harm     .   r - +0 cloak {Will+}
rCorr   .          Rampage  .   v - +0 pair of gloves
Will    ++...      Archmagi +   G - +1 pair of boots of the Worm {Str+4 Dex+4}
Stlth   +++.......              (no amulet)
HPRegen 0.21/turn               b - +4 ring of protection
MPRegen 0.17/turn               (no ring)

@: no status effects
A: permanent stasis, dig shafts and tunnels, antennae 3, four strong arms
a: Dig, Shaft Self, Renounce Religion


You were on level 10 of the Dungeon.
You worshipped Vehumet.
Vehumet was most pleased with you.
You visited 2 branches of the dungeon, and saw 12 of its levels.
You also visited: Ossuary and Bailey.

You collected 781 gold pieces.

Inventory:

Hand Weapons
 h - a +2 dagger of speed
 u - a +4 flail of draining
 L - a +2 spectral quarterstaff
 O - a +0 dagger of venom
Missiles
 a - 152 stones
 d - 6 poisoned darts
 i - 4 javelins
 A - 9 throwing nets
 M - 2 curare-tipped darts
Armour
 g - a scarf of repulsion
 q - a +0 kite shield (worn)
 r - a +0 cloak of willpower (worn)
 v - a +0 pair of gloves (worn)
 x - a +2 robe of the Archmagi (worn)
 y - a +0 tower shield
 G - the +1 pair of boots of the Worm (worn) {Str+4 Dex+4}
   (You found it in a bailey)

   Str:       It affects your strength (+4).
   Dex:       It affects your dexterity (+4).
 K - the +2 robe of Hairiness {rC- Regen+ Str+10}
   (You found it on level 8 of the Dungeon)

   Str:       It affects your strength (+10).
   rC:        It makes you vulnerable to cold.
   Regen:     It increases your rate of health regeneration.
 T - +0 acid dragon scales
 V - a +2 pair of gloves
Magical Staves
 m - a staff of earth (weapon)
 Q - a staff of poison
Jewellery
 b - a +4 ring of protection (left hand)
 R - a +4 ring of slaying
Wands
 e - a wand of acid (18)
 I - a wand of paralysis (15)
 J - a wand of flame (29)
 U - a wand of digging (6)
Scrolls
 c - 2 scrolls of fear {unknown}
 j - 2 scrolls of brand weapon {unknown}
 k - 5 scrolls of amnesia
 n - 3 scrolls of immolation {unknown}
 o - 3 scrolls of vulnerability {unknown}
 p - 2 scrolls of teleportation {unknown}
 t - 2 scrolls of noise {unknown}
 w - a scroll of fog {unknown}
 z - a scroll of summoning {unknown}
 E - 2 scrolls of enchant weapon {unknown}
 H - a scroll of holy word {unknown}
 P - 5 scrolls of identify
 S - a scroll of torment {unknown}
Potions
 f - 2 potions of attraction
 l - 3 potions of flight
 s - 7 potions of curing
 B - a potion of lignification
 C - a potion of brilliance
 D - 3 potions of mutation
 F - a potion of heal wounds
 N - a potion of invisibility


   Skills:
 - Level 0.2 Short Blades
 + Level 5.6 Staves
 - Level 2.0 Dodging
 - Level 5.0 Stealth
 * Level 5.6 Shields
 + Level 7.1 Spellcasting
 + Level 7.4 Transmutations
 + Level 11.7 Earth Magic
 + Level 1.6 Poison Magic
 + Level 7.3 Evocations


You had 10 spell levels left.
You knew the following spells:

 Your Spells              Type           Power      Damage    Failure   Level
a - Sandblast             Erth           100%       2d20      1%          1
b - Stone Arrow           Conj/Erth      100%       3d13      1%          3
c - Petrify               Tmut/Erth      75%        N/A       4%          4
d - Poisonous Vapours     Pois/Air       28%        N/A       7%          2
e - Olgreb's Toxic Radia  Pois           18%        N/A       28%         4

Your spell library contained the following spells:

 Spells                   Type           Power      Damage    Failure   Level
 Passwall                 Tmut/Erth      62%        N/A       1%          2
 Sting                    Tmut/Pois      100%       1d8       3%          1
 Dazzling Flash           Conj/Hex       18%        N/A       17%         3
 Inner Flame              Hex/Fire       9%         N/A       17%         3
 Animate Skeleton         Necr           18%        N/A       22%         1
 Apportation              Tloc           18%        N/A       22%         1
 Pain                     Necr           36%        1d5       22%         1
 Summon Small Mammal      Summ           36%        N/A       22%         1
 Slow                     Hex            9%         N/A       32%         2
 Ice Form                 Ice/Tmut       29%        N/A       43%         4
 Hailstorm                Conj/Ice       9%         3d4       45%         4
 Confusing Touch          Hex            9%         N/A       54%         3
 Ozocubu's Armour         Ice            9%         N/A       54%         3
 Vampiric Draining        Necr           4%         2d6       54%         3
 Cause Fear               Hex            4%         N/A       91%         4
 Agony                    Necr           9%         N/A       99%         5
 Metabolic Englaciation   Hex/Ice        4%         N/A       99%         5
 Silence                  Hex/Air        4%         N/A       99%         5
 Simulacrum               Ice/Necr       4%         N/A       100%        6
 Malign Gateway           Summ/Tloc      4%         N/A       100%        7
 Discord                  Hex            4%         N/A       100%        8
 Summon Horrible Things   Summ           4%         N/A       100%        8


Dungeon Overview and Level Annotations

Branches:
Dungeon (11/15)            Temple (1/1) D:5            Lair (0/6) D:10
Ossuary (visited)          Bailey (visited)
    Orc: D:9-12

Altars:
Ashenzari
Cheibriados
Dithmenos
Elyvilon
Fedhas
Gozag
Hepliaklqana
Kikubaaqudgha
Makhleb
Nemelex Xobeh
Okawaru
Qazlal
Ru
Sif Muna
Trog
Uskayaw
Vehumet
Wu Jian
Xom
Yredelemnul
Zin
The Shining One

Shops:
D:7 (


Innate Abilities, Weirdness & Mutations

You cannot be hasted, slowed, berserked, paralysed or teleported.
You can dig through walls and to a lower floor.
You have a pair of large antennae on your head. (SInv)
Your four strong arms can wield two-handed weapons with a shield.


Message History

The white ugly thing is severely wounded.
Unknown command.
P - 5 scrolls of identify (gained 1)
There are no items here.
Casting: Sandblast (safe; 1% risk of failure)
Confirm with . or Enter, or press ? or * to list all spells.
Aiming: Sandblast (safe; 1% risk of failure)
Press: ? - help, Shift-Dir - straight line, f/p - white ugly thing
Aim: a white ugly thing (severely wounded, petrified, 100% to hit)
You feel a strong surge of power!
The blast of sand hits the white ugly thing!!
The white ugly thing is almost dead.
The white ugly thing is no longer petrified.
Casting: Sandblast (safe; 1% risk of failure)
Confirm with . or Enter, or press ? or * to list all spells.
Aiming: Sandblast (safe; 1% risk of failure)
Press: ? - help, Shift-Dir - straight line, f/p - white ugly thing
Aim: a white ugly thing (severely wounded, 84% to hit)
You feel a strong surge of power!
The blast of sand hits the white ugly thing.
The white ugly thing is almost dead.
Unknown command.
You block the white ugly thing's attack.
There is a stone staircase leading up here.
You block the white ugly thing's attack.
You climb upwards.
There is a stone staircase leading down here.
Unknown command.
Casting: Sandblast (safe; 1% risk of failure)
Confirm with . or Enter, or press ? or * to list all spells.
You don't have enough magic to cast this spell.
Unknown command.
The white ugly thing trunk-slaps you. The white ugly thing freezes you!!
* * * LOW HITPOINT WARNING * * *
Aiming: Paralyse
Press: ? - help, Shift-Dir - straight line, f - white ugly thing
Aim: a white ugly thing (severely wounded, chance to affect: 50%)
The white ugly thing resists with some effort.
The white ugly thing trunk-slaps you!
You die...

.....................#
....#................##
....##..........>.....#
....###...............####
....# ##.................#
....## #..............##.#
.....# #............######
.....###...........##
......###......u@..#
.......##......#...#
..............##...#
..............##...#
..............##...#
......#.......###..#
.....##......## #..#####
...####......####......#
..## ##...#..##..######


You could see a white ugly thing.

Vanquished Creatures
  A two-headed ogre (D:9)
  An ugly thing (D:8)
  Pikel (D:4)
  A cyclops (D:9)
  Joseph (D:8)
  A hornet (D:9)
  2 wraiths
  2 wyverns
  3 vampire mosquitoes (D:10)
  2 wargs (D:10)
  Menkaure (D:5)
  Edmund (D:5)
  A water moccasin (D:7)
  An acid dragon (D:10)
  Duvessa (D:5)
  5 orc warriors
  3 ice beasts
  A sky beast (D:5)
  3 centaurs
  2 ogres
  3 lemures (D:4)
  A phantom (D:5)
  An elf zombie (Ossuary)
  2 kobold brigands (D:8)
  4 bullfrogs
  8 gnoll sergeants (Bailey)
  2 scorpions (D:6)
  Dowan (D:5)
  3 wights
  7 killer bees
  An electric eel (D:6)
  2 jellies
  A bullfrog zombie (D:5)
  A howler monkey (D:5)
  2 centaur zombies
  5 hounds
  Crazy Yiuf (D:3)
  8 gnoll shamans
  5 orc priests
  2 bullfrog skeletons (D:5)
  A centaur skeleton (D:6)
  3 iguanas
  8 orc wizards
  A killer bee zombie (D:8)
  4 mummies
  A howler monkey zombie (D:9)
  29 gnolls
  4 adders
  A white imp (D:6)
  An ufetubus (D:6)
  2 adder zombies (Ossuary)
  2 worms
  3 dart slugs
  18 orcs
  5 ball pythons
  3 bats
  3 endoplasms (D:1)
  A giant cockroach (D:4)
  A gnoll zombie (Ossuary)
  6 hobgoblins
  2 jackals (D:5)
  14 kobolds
  4 quokkas
  5 frilled lizards
  7 goblins
  3 goblin zombies (Ossuary)
  2 hobgoblin zombies (Ossuary)
  A kobold zombie (Ossuary)
  A quokka zombie (Ossuary)
  5 rats
  7 rat zombies (Ossuary)
242 creatures vanquished.

Notes
Turn   | Place    | Note
-------+----------+-------------------------------------------
     0 | D:1      | heikuro the Formicid Earth Elementalist began the quest for
                  | the Orb.
     0 | D:1      | Reached XP level 1. HP: 13/13 MP: 3/3
   168 | D:1      | Reached XP level 2. HP: 19/19 MP: 0/5
   231 | D:1      | Reached skill level 4 in Earth Magic
   708 | D:1      | Found a faded altar of an unknown god.
   800 | D:1      | Reached XP level 3. HP: 23/24 MP: 3/6
  1045 | D:2      | Learned a level 3 spell: Stone Arrow
  2386 | D:3      | Reached XP level 4. HP: 18/30 MP: 6/8
  2660 | D:3      | Reached skill level 5 in Earth Magic
  2660 | D:3      | Reached XP level 5. HP: 29/35 MP: 7/9
  2665 | D:3      | Reached skill level 1 in Evocations
  2837 | D:3      | Found a runed translucent door.
  2838 | D:3      | Noticed Crazy Yiuf
  3361 | D:3      | Killed Crazy Yiuf
  3618 | D:4      | Reached XP level 6. HP: 41/41 MP: 8/10
  3785 | D:4      | Found a shimmering altar of Xom.
  3964 | D:4      | HP: 2/41 [iguana (8)]
  4831 | D:4      | Learned a level 4 spell: Petrify
  5077 | D:4      | Noticed Pikel
  5085 | D:4      | Killed Pikel
  5086 | D:4      | Reached skill level 6 in Earth Magic
  5086 | D:4      | Reached XP level 7. HP: 46/46 MP: 2/13
  5086 | D:4      | Reached XP level 8. HP: 52/52 MP: 2/14
  5323 | D:5      | Entered Level 5 of the Dungeon
  5340 | D:5      | Noticed Edmund
  5442 | D:5      | Noticed Dowan
  5443 | D:5      | Reached skill level 7 in Earth Magic
  5495 | D:5      | Killed Edmund
  5496 | D:5      | Reached skill level 5 in Stealth
  5898 | D:5      | Noticed Duvessa
  6458 | D:5      | Reached skill level 1 in Staves
  6503 | D:5      | Killed Duvessa
  7059 | D:5      | Reached skill level 8 in Earth Magic
  7126 | D:5      | Noticed Menkaure
  7130 | D:5      | Killed Menkaure
  7131 | D:5      | Reached XP level 9. HP: 51/57 MP: 5/16
  7239 | D:5      | Killed Dowan
  7490 | D:5      | Found a staircase to the Ecumenical Temple.
  7496 | Temple   | Entered the Ecumenical Temple
  7625 | Temple   | Became a worshipper of Vehumet
  7805 | D:5      | Reached skill level 5 in Spellcasting
  7965 | D:6      | Reached skill level 9 in Earth Magic
  7973 | D:6      | Reached skill level 5 in Transmutations
  8146 | D:6      | Reached skill level 5 in Evocations
  8186 | D:6      | Found a sand-covered staircase.
  8235 | Ossuary  | Entered an ossuary
  8475 | Ossuary  | Reached * piety under Vehumet
  8475 | Ossuary  | Offered knowledge of Freeze by Vehumet.
  9738 | D:7      | Found Hiog Wam's Antique Weapon Boutique.
  9744 | D:7      | Found a flagged portal.
  9759 | D:7      | Reached skill level 1 in Shields
  9761 | Bailey   | Entered a bailey
  9769 | Bailey   | Reached XP level 10. HP: 49/63 MP: 4/18
 10279 | Bailey   | Reached skill level 10 in Earth Magic
 10593 | Bailey   | Identified the +1 pair of boots of the Worm {Str+4 Dex+4}
 10716 | Bailey   | Reached ** piety under Vehumet
 10716 | Bailey   | Offered knowledge of Searing Ray by Vehumet.
 11693 | D:8      | Noticed Joseph
 11700 | D:8      | Killed Joseph
 11798 | D:8      | Identified the +2 robe of Hairiness {rC- Regen+ Str+10}
 13037 | D:9      | Noticed a cyclops
 13086 | D:9      | Noticed a green ugly thing
 13103 | D:8      | Killed a green ugly thing
 13104 | D:8      | Reached skill level 11 in Earth Magic
 13183 | D:9      | Noticed a boulder beetle
 13190 | D:9      | Noticed a two-headed ogre
 13421 | D:9      | Killed a cyclops
 13422 | D:9      | Reached skill level 5 in Staves
 13422 | D:9      | Reached XP level 11. HP: 68/68 MP: 7/20
 13545 | D:9      | Killed a two-headed ogre
 13976 | D:9      | Offered knowledge of Poisonous Vapours by Vehumet.
 13980 | D:9      | Learned a level 2 spell: Poisonous Vapours
 14198 | D:9      | Reached skill level 5 in Shields
 14501 | D:10     | Entered Level 10 of the Dungeon
 14791 | D:10     | Reached skill level 1 in Poison Magic
 14968 | D:10     | Found a staircase to the Lair.
 14984 | D:10     | Reached *** piety under Vehumet
 15466 | D:10     | Learned a level 4 spell: Olgreb's Toxic Radiance
 15911 | D:11     | Noticed a white ugly thing
 15963 | D:10     | Slain by a white ugly thing

Illustrated notes

Levels and vault maps discovered:
D:1:      dpeg_arrival_simpleton_c, layout_basic,
          hellmonk_ecumenical_altar_leap_of_faith
D:2:      layout_basic, minmay_misc_feat_chi, grunt_decor_fettered,
          item_on_display_a
D:3:      layout_loops_ring, grunt_decor_arrowhead, bh_walls_and_bars,
          uniq_crazy_yiuf_cottage
D:4:      layout_loops_corners, mainiacjoe_overflow_six_doors_small,
          minmay_crystal_water, hangedman_abyss_or_decor_stagger,
          minmay_tree_intersection, uniq_pikel
D:5:      layout_basic, minmay_temple_entry_glassed_door, uniq_edmund,
          uniq_duvessa, uniq_menkaure
D:6:      layout_basic, gup_ossuary_entry_pyramid, kennysheep_cross_room
D:7:      layout_cave_pools, serial_shops, nicolae_shop_waterfront,
          enter_bailey_2
D:8:      layout_loops_ring, serial_rivers, chequers_serial_rivers_micro_b,
          chequers_serial_rivers_large_a, chequers_serial_rivers_marsh,
          chequers_serial_rivers_room_a, chequers_serial_rivers_micro_d,
          chequers_serial_rivers_marsh, minmay_sticks_and_stones
D:9:      layout_rooms, minmay_misc_feat_encased, lightli_corner_chamber
D:10:     layout_layer_cave, erik_lair_orcish_takeover, fungi_pond_lemuel,
          chequers_serial_rivers_room_b
D:11:     layout_loops_cross, gammafunk_ghost_necromancy, grunt_ministairs_2
Temple:   compressed_dpeg_circular_temple

Skill      XL: |  1  2  3  4  5  6  7  8  9 10 11 |
---------------+----------------------------------+-----
Earth Magic    | 4 5 6 8 9 11 | 11.7
Dodging        | 2 |  2.0
Stealth        | 3 4 5 |  5.0
Evocations     | 1 3 4 5 6 7 |  7.3
Spellcasting   | 3 4 5 6 7 |  7.1
Transmutations | 2 3 4 5 6 7 |  7.4
Staves         | 2 3 5 |  5.6
Shields        | 1 4 5 |  5.6
Poison Magic   | 1 |  1.6
Short Blades   | |  0.2

Action                   |  1- 3 |  4- 6 |  7- 9 | 10-12 || total
-------------------------+-------+-------+-------+-------++-------
Melee: Unarmed           |     7 |       |       |       ||     7
       Dagger            |    23 |       |       |       ||    23
       Staff             |    28 |    64 |    94 |   197 ||   383
       Flail             |       |       |    64 |       ||    64
 Cast: Sandblast         |    32 |    42 |    36 |    80 ||   190
       Stone Arrow       |       |     2 |    57 |    93 ||   152
       Petrify           |       |       |       |    27 ||    27
       Poisonous Vapours |       |       |       |     2 ||     2
 Abil: Dig               |     1 |       |       |     5 ||     6
Evoke: Wand              |       |     1 |       |     3 ||     4
  Use: Potion            |     3 |       |       |       ||     3
       Scroll            |     1 |       |     7 |     2 ||    10
 Stab: Sleeping          |       |     3 |     2 |       ||     5
       Petrified         |       |       |       |    72 ||    72
       Petrifying        |       |       |       |     6 ||     6
Armor: Robe              |    18 |    23 |    58 |    75 ||   174
Dodge: Dodged            |    55 |    41 |   117 |   128 ||   341
Block: Kite shield       |       |       |       |    24 ||    24

Table legend: (Time is in decaauts)
 A = Elapsed time spent in this place.
 B = Non-inter-level travel time spent in this place.
 C = Inter-level travel time spent in this place.
 D = Time resting spent in this place.
 E = Time spent auto-exploring this place.
 F = Levels seen in this place.
 G = Mean time per level.
                   A        B        C        D        E       F      G
               +--------+--------+--------+--------+--------+-----+--------+
         Total |  16057 |  15274 |    783 |   4905 |   6379 |  14 | 1146.9 |
       Dungeon |  13959 |  13209 |    750 |   3795 |   6074 |  11 | 1269.0 |
        Temple |    163 |    130 |     33 |      0 |     81 |   1 |  163.0 |
       Ossuary |    604 |    604 |      0 |    426 |      0 |   1 |  604.0 |
        Bailey |   1329 |   1329 |      0 |    684 |    224 |   1 | 1329.0 |
               +--------+--------+--------+--------+--------+-----+--------+

Top non-repeatable levels by time:
     D:4: 2685 daAuts
     D:8: 1978 daAuts
     D:3: 1503 daAuts
    D:10: 1419 daAuts
     D:5: 1396 daAuts
  Bailey: 1329 daAuts
     D:2: 1321 daAuts
     D:6: 1134 daAuts
     D:1: 948 daAuts
     D:9: 862 daAuts
     D:7: 661 daAuts
 Ossuary: 604 daAuts
  Temple: 163 daAuts
    D:11: 47 daAuts
